Map: Eternal Empire LE

Players

Ratl - Winner!

  • Race: Protoss Protoss
  • League: Silver
  • Spawn Location: 7:00

Chacal

  • Race: Terran Terran
  • Spawn Location: 1:00

VOD

Have the link to the VOD?

Description

Time

  • Played on: Jan. 14, 2020, 4:52 p.m.
  • Length: 13:49
Show
View Real Time Build Order
Export as new Build Order

Ratl Protoss - Winner!

Build Orders: Double Forge 

Get SALT Encoding   

  12  0:02  Probe  
  13  0:14  Probe  
  14  0:24  Pylon  
  14  0:26  Probe  
  16  0:42  Probe  
  16  0:49  Gateway  
  16  0:55  Probe (Chrono Boost)  
  17  0:58  Gateway  
  17  1:07  Probe (Chrono Boost)  
  17  1:08  Assimilator  
  18  1:12  Probe (Chrono Boost)  
  18  1:14  Assimilator  
  19  1:21  Probe  
  20  1:33  Probe  
  20  1:36  Cybernetics Core  
  21  1:45  Probe  
  22  1:57  Probe  
  22  2:00  Pylon  
  23  2:07  Pylon  
  23  2:15  Warp Gate (Chrono Boost)  
  23  2:18  Probe, Stalker x2  
  28  2:30  Probe  
  29  2:43  Nexus  
  29  2:45  Probe  
  30  2:57  Probe  
  33  2:59  Stalker  
  33  3:02  Stalker  
  35  3:09  Probe  
  36  3:21  Probe  
  37  3:28  Robotics Facility  
  37  3:33  Probe  
  38  3:45  Probe  
  39  3:57  Probe  
  40  4:21  Probe x2  
  42  4:33  Probe x2  
  42  4:35  Forge  
  42  4:36  Forge  
  42  4:38  Pylon  
  44  4:42  Twilight Council  
  44  4:44  Gateway  
  44  4:46  Gateway, Warp Prism  
  46  4:58  Probe  
  46  4:59  Probe  
  48  5:05  Assimilator  
  48  5:07  Pylon  
  48  5:10  Probe  
  48  5:11  Probe  
  48  5:12  Stalker  
  48  5:13  Stalker  
  54  5:22  Observer  
  54  5:23  Probe x2  
  54  5:27  Assimilator  
  57  5:30  Protoss Ground Weapons Level 1 (Chrono Boost), Protoss Ground Armor Level 1 (Chrono Boost)  
  57  5:35  Probe x2  
  59  5:44  Charge, Observer  
  59  5:47  Probe x2  
  60  5:59  Probe  
  61  6:09  Probe  
  63  6:11  Probe  
  61  6:21  Probe  
  61  6:23  Probe, Immortal  
  61  6:24  Stalker  
  69  7:14  Nexus  
  69  7:16  Assimilator  
  69  7:18  Dark Shrine  
  69  7:19  Assimilator  
  69  7:21  Pylon  
  69  7:22  Templar Archives  
  69  7:25  Pylon  
  69  7:29  Immortal  
  69  7:31  Gateway  
  69  7:34  Gateway x2  
  69  7:37  Protoss Ground Weapons Level 2 (Chrono Boost), Protoss Ground Armor Level 2 (Chrono Boost)  
  69  7:38  Pylon  
  69  7:40  Probe  
  69  7:41  Probe  
  69  7:42  Pylon  
  75  7:49  Blink  
  75  7:53  Probe x2  
  75  7:54  Stalker x3  
  75  7:55  Zealot  
  85  8:05  Probe, Immortal  
  90  8:23  Stalker  
  90  8:24  Stalker x3  
  98  8:28  Probe x3, Psionic Storm  
  98  8:31  Shadow Stride  
  101  8:40  Probe x3  
  104  8:42  Dark Templar  
  106  8:51  Dark Templar  
  106  8:54  Zealot x2  
  106  8:55  Zealot x2  
  116  9:09  Pylon  
  116  9:12  Pylon  
  116  9:16  Pylon  
  116  9:22  Pylon  
  116  9:57  Dark Templar x3  
  116  9:58  Dark Templar x4  
  130  10:08  Immortal  
  134  10:27  Protoss Ground Weapons Level 3 (Chrono Boost)  
  134  10:29  Protoss Ground Armor Level 3 (Chrono Boost)  
  118  10:55  Stalker x4  
  118  10:56  Zealot x3  
  123  11:29  Stalker x4  
  123  11:30  Stalker  
  133  11:47  Probe x3  
  134  11:49  Immortal  
  140  11:59  Probe x3  
  143  12:09  Observer  
  143  12:25  Dark Templar x2  
  143  12:26  Dark Templar  
  143  12:39  Probe x3  
  146  12:51  Probe x2  
  146  12:54  Nexus  
  146  12:56  Assimilator  
  148  13:00  Assimilator  
  148  13:03  Pylon  
  148  13:06  Pylon  
  148  13:09  Pylon  
  148  13:16  Pylon  
  148  13:17  Pylon  
  148  13:19  Pylon  
Show
View Real Time Build Order
Export as new Build Order

Chacal Terran 

Build Orders:  

Get SALT Encoding   

  12  0:02  SCV  
  13  0:14  SCV  
  14  0:24  Supply Depot  
  14  0:34  SCV  
  15  0:46  SCV  
  15  0:47  Supply Depot  
  16  0:58  SCV  
  17  1:10  SCV, Supply Depot  
  18  1:22  SCV  
  18  1:24  Barracks  
  19  1:33  Supply Depot  
  19  1:34  SCV  
  20  1:46  SCV  
  21  1:52  Refinery  
  21  2:18  SCV, Refinery  
  22  2:25  Engineering Bay  
  22  2:28  Marine  
  23  2:30  SCV  
  24  2:41  Barracks  
  24  2:42  SCV  
  25  2:46  Marine  
  26  2:59  Missile Turret  
  26  3:03  Marine  
  26  3:05  SCV  
  28  3:17  SCV  
  28  3:19  Missile Turret  
  29  3:21  Marine  
  30  3:29  SCV  
  31  3:39  Marine  
  31  3:40  Command Center  
  32  3:41  SCV  
  33  3:53  SCV  
  33  4:06  Marine  
  33  4:09  Marine  
  32  4:24  Marine  
  32  4:26  SCV  
  32  4:27  Marine  
  35  4:34  Supply Depot  
  35  4:38  SCV  
  36  4:42  Marine  
  37  4:50  SCV  
  38  4:53  Missile Turret  
  38  4:56  Missile Turret  
  38  4:57  Supply Depot  
  38  4:59  Marine  
  39  5:07  Terran Infantry Weapons Level 1  
  39  5:13  SCV  
  40  5:15  Missile Turret  
  40  5:16  Missile Turret  
  40  5:25  SCV  
  40  5:27  Supply Depot  
  41  5:38  SCV  
  41  5:41  Missile Turret  
  42  5:46  Missile Turret  
  42  5:50  SCV, Supply Depot  
  42  5:54  SCV  
  42  6:01  Missile Turret  
  42  6:02  SCV  
  40  6:05  Missile Turret  
  40  6:06  SCV  
  39  6:17  Reaper  
  39  6:18  SCV  
  40  6:22  Reaper  
  38  6:30  SCV  
  38  6:42  SCV  
  39  6:47  Missile Turret  
  39  6:50  Reaper  
  41  6:54  Reaper  
  41  7:01  SCV, Terran Infantry Armor Level 1  
  42  7:13  SCV  
  42  7:15  Refinery  
  43  7:22  Reaper  
  44  7:24  Missile Turret  
  44  7:25  SCV  
  44  7:26  Reaper  
  46  7:37  SCV  
  46  7:41  Ghost Academy  
  47  7:45  Factory  
  47  7:49  SCV  
  47  7:50  SCV  
  49  7:54  Reaper  
  49  7:58  Supply Depot, Reaper  
  51  8:02  SCV  
  52  8:12  Factory  
  48  8:14  SCV  
  49  8:20  Supply Depot  
  49  8:26  SCV, Reaper  
  51  8:30  Reaper  
  52  8:35  Supply Depot  
  52  8:39  SCV  
  53  8:47  Missile Turret  
  53  8:55  Hi-Sec Auto Tracking  
  53  8:58  Marine  
  53  8:59  Widow Mine  
  53  9:02  Reaper  
  57  9:16  Reaper  
  58  9:20  Widow Mine  
  58  9:23  Factory Reactor  
  60  9:26  Supply Depot  
  60  9:34  Reaper  
  60  9:35  SCV  
  60  9:36  Refinery  
  62  9:41  Widow Mine  
  64  9:47  SCV  
  64  9:48  Reaper  
  64  9:49  Supply Depot  
  66  9:59  SCV  
  67  10:03  Widow Mine  
  69  10:11  SCV  
  70  10:19  Reaper  
  71  10:23  Reaper  
  71  10:24  SCV, Widow Mine  
  75  10:29  Widow Mine x2  
  79  10:46  Hellion  
  74  10:50  Hellion x2  
  74  10:51  Reaper  
  74  10:55  Reaper  
  79  11:07  Hellion  
  83  11:11  Hellion x2  
  85  11:23  Marine  
  80  11:27  Marine  
  80  11:28  Hellion  
  61  11:33  Widow Mine x2  
  44  11:41  Marine  
  44  11:45  Marine  
  40  11:54  Widow Mine x2  
  40  11:57  Supply Depot  
  41  12:03  Supply Depot  
  42  12:15  Widow Mine  
  42  12:16  Hellion  
  42  12:22  Supply Depot  
  45  12:37  Hellion x2  
  45  12:38  Engineering Bay  
  51  12:58  Widow Mine, Hellion  
  30  13:20  Widow Mine, Hellion  
Tags
 
Add a new tag
Caveats
  • Supply blocks, unpowered buildings, or Contaminate may cause inaccurate times.
  • Supply counts are checked every 10 seconds.